 Dungeon Crawl Stone Soup version 0.29-a0-275-g389c0b56f3 (webtiles) character file.

Game seed: 6175410321656329535

204624 lurtze1 the Bludgeoner (level 18, 0/225 HPs)
             Began as a Demonspawn Fighter on Mar 11, 2022.
             Was a High Priest of Okawaru.
             Slain by a broodmother (17 damage)
             ... on level 3 of the Spider Nest.
             The game lasted 01:48:23 (33232 turns).

lurtze1 the Bludgeoner (Demonspawn Fighter)        Turns: 33232, Time: 01:48:24

Health: 0/225      AC: 34    Str: 23 (29) XL:     18   Next: 1%
Magic:  24/24      EV: 14    Int: 24      God:    Okawaru [*****.]
Gold:   1364       SH:  0    Dex: 14      Spells: 17/17 levels left

rFire   . . .      SeeInvis +   q - +8 mace "Jotwy" {vamp, rC+ Str-3 Int+3}
rCold   + + +      Faith    .   U - +2 buckler
rNeg    + + +      Spirit   .   y - +9 ice dragon scales of the Sun {-Tele rPois rF- rC++ Str+6}
rPois   +          Reflect  .   S - -2 hat of the Alchemist {rElec rPois rF+ rC+ rN+ Will+ rMut rCorr}
rElec   +          Harm     .   Y - +2 cloak of Vanity {rN++ Str+3 Int+4}
rCorr   +          Rampage  .   (no gloves)
rMut    +          NoTele   +   (boots unavailable)
Will    ++...                   J - amulet of regeneration
Stlth   ..........              X - ring "Hutess" {+Blink Fly Int+7 Stlth-}
HPRegen 1.27/turn               N - ring of see invisible
MPRegen 0.19/turn

@: confused, agile, berserking, lethally poisoned (0 -> -9), spiked, sanguine
armoured, flying, very quick
A: hooves 3, (demonic guardian 1), powered by pain 2, augmentation 1, sanguine
armour 2
}: 1/15 runes: decaying
a: Renounce Religion, Evoke Blink, Heroism, Finesse, Duel


You were on level 3 of the Spider Nest.
You worshipped Okawaru.
Okawaru was extremely pleased with you.
You visited 6 branches of the dungeon, and saw 29 of its levels.

You collected 2785 gold pieces.
You spent 1421 gold pieces at shops.

Inventory:

Hand Weapons
 q - the +8 mace "Jotwy" (weapon) {vamp, rC+ Str-3 Int+3}
   (You found it on level 2 of the Dungeon)

   It occasionally heals its wielder for a portion of the damage dealt when it
   wounds a living foe.
   Str:       It affects your strength (-3).
   Int:       It affects your intelligence (+3).
   rC:        It protects you from cold.
Missiles
 P - 17 boomerangs (quivered)
Armour
 g - the +1 pair of gloves of the Evil One {rPois Dex+6}
   (Okawaru gifted it to you on level 3 of the Spider Nest)

   Dex:       It affects your dexterity (+6).
   rPois:     It protects you from poison.
 y - the +9 ice dragon scales of the Sun (worn) {-Tele rPois rF- rC++ Str+6}
   (You found it on level 5 of the Dungeon)

   Str:       It affects your strength (+6).
   rF:        It makes you vulnerable to fire.
   rC:        It greatly protects you from cold.
   rPois:     It protects you from poison.
   -Tele:     It prevents most forms of teleportation.
 K - a +2 pair of gloves
 S - the -2 hat of the Alchemist (worn) {rElec rPois rF+ rC+ rN+ Will+ rMut rCorr}
   (You bought it in a shop on level 2 of the Orcish Mines)

   rF:        It protects you from fire.
   rC:        It protects you from cold.
   rElec:     It insulates you from electricity.
   rPois:     It protects you from poison.
   rN:        It protects you from negative energy.
   rCorr:     It protects you from acid and corrosion.
   rMut:      It protects you from mutation.
   Will:      It increases your willpower.
 U - a +2 buckler (worn)
 Y - the +2 cloak of Vanity (worn) {rN++ Str+3 Int+4}
   (You found it on level 13 of the Dungeon)

   Str:       It affects your strength (+3).
   Int:       It affects your intelligence (+4).
   rN:        It greatly protects you from negative energy.
Jewellery
 a - a +4 ring of protection
 o - a ring of poison resistance
 t - an amulet of the acrobat
 C - a ring of protection from fire
 I - an amulet of reflection
 J - an amulet of regeneration (around neck)
 N - a ring of see invisible (right hand)
 X - the ring "Hutess" (left hand) {+Blink Fly Int+7 Stlth-}
   (You found it on level 12 of the Dungeon)

   [ring of flight]

   Int:       It affects your intelligence (+7).
   Fly:       It grants you flight.
   +Blink:    It lets you blink.
   Stlth:     It makes you less stealthy.
Wands
 k - a wand of paralysis (14)
 n - a wand of digging (5)
 r - a wand of acid (28)
 z - a wand of mindburst (17)
 L - a wand of iceblast (12)
 M - a wand of flame (27)
Scrolls
 c - 2 scrolls of fog
 e - a scroll of brand weapon
 h - 12 scrolls of identify
 i - 6 scrolls of vulnerability
 l - 5 scrolls of enchant armour
 m - 5 scrolls of amnesia
 s - 4 scrolls of magic mapping
 A - 2 scrolls of enchant weapon
 D - 13 scrolls of teleportation
 E - 6 scrolls of immolation
 H - 3 scrolls of blinking
 T - 2 scrolls of torment
 W - a scroll of silence
Potions
 b - 4 potions of mutation
 d - 2 potions of invisibility
 f - 3 potions of brilliance
 j - 5 potions of ambrosia
 p - 8 potions of curing
 v - 6 potions of magic
 x - 2 potions of lignification
 F - 3 potions of flight
 G - 2 potions of heal wounds
 O - 2 potions of might
 R - a potion of cancellation


   Skills:
 + Level 15.6 Fighting
 + Level 17.0 Maces & Flails
 - Level 1.9 Polearms
 + Level 13.6 Armour
 + Level 16.3 Shields
 + Level 9.2 Invocations


You had 17 spell levels left.
You didn't know any spells.
Your spell library contained the following spells:

 Spells                   Type           Power      Damage    Failure   Level
 Foxfire                  Conj/Fire      0%         2x1d4     36%         1
 Magic Dart               Conj           0%         1d3       36%         1
 Corpse Rot               Necr/Air       0%         N/A       50%         2
 Poisonous Vapours        Pois/Air       0%         N/A       50%         2
 Scorch                   Fire           0%         2d5       50%         2
 Searing Ray              Conj           0%         2d4       50%         2
 Sublimation of Blood     Necr           0%         N/A       50%         2
 Wereblood                Tmut           0%         N/A       50%         2
 Conjure Flame            Conj/Fire      0%         6-21      75%         3
 Dazzling Flash           Conj/Hex       0%         N/A       75%         3
 Inner Flame              Hex/Fire       0%         N/A       75%         3
 Ozocubu's Armour         Ice            0%         N/A       75%         3
 Portal Projectile        Hex/Tloc       0%         N/A       75%         3
 Airstrike                Air            0%         N/A       98%         4
 Flame Wave               Conj/Fire      0%         2d4       98%         4
 Fulminant Prism          Conj/Hex       0%         3d6       98%         4
 Iskenderun's Mystic Bla  Conj/Tloc      0%         2d3       98%         4
 Leda's Liquefaction      Hex/Erth       0%         N/A       98%         4
 Passage of Golubria      Tloc           0%         N/A       98%         4
 Agony                    Necr           0%         N/A       100%        5
 Fireball                 Conj/Fire      0%         3d3       100%        5
 Iskenderun's Battlesphe  Conj           0%         2d6       100%        5
 Lightning Bolt           Conj/Air       0%         1d11      100%        5
 Metabolic Englaciation   Hex/Ice        0%         N/A       100%        5
 Silence                  Hex/Air        0%         N/A       100%        5
 Conjure Ball Lightning   Conj/Air       0%         3x3d6     100%        6
 Dispersal                Tloc           0%         N/A       100%        6
 Iron Shot                Conj/Erth      0%         9d1       100%        6
 Starburst                Conj/Fire      0%         6d3       100%        6
 Orb of Destruction       Conj           0%         9d5       100%        7
 Borgnjor's Revivificati  Necr           0%         N/A       100%        8
 Disjunction              Tloc           0%         N/A       100%        8
 Lehudib's Crystal Spear  Conj/Erth      0%         10d2      100%        8
 Necromutation            Tmut/Necr      0%         N/A       100%        8
 Chain Lightning          Conj/Air       0%         N/A       100%        9
 Death's Door             Necr           0%         N/A       100%        9
 Fire Storm               Conj/Fire      0%         5d1       100%        9
 Shatter                  Erth           0%         3d5*      100%        9
 Call Canine Familiar     Summ           Unusable   N/A       N/A         3
 Summon Lightning Spire   Summ/Air       Unusable   N/A       N/A         4
 Simulacrum               Ice/Necr       Unusable   N/A       N/A         6
 Summon Cactus Giant      Summ           Unusable   N/A       N/A         6
 Spellforged Servitor     Conj/Summ      Unusable   N/A       N/A         7
 Summon Hydra             Summ           Unusable   N/A       N/A         7

Dungeon Overview and Level Annotations

Branches:
Dungeon (13/15)            Temple (1/1) D:7            Lair (6/6) D:8
  Swamp (4/4) Lair:3       Spider (3/4) Lair:2        Slime (0/5) Lair:5
    Orc (2/2) D:11            Elf (0/3) Orc:2        Vaults (0/5) D:13

Altars:
Ashenzari
Cheibriados
Dithmenos
Elyvilon
Fedhas
Gozag
Hepliaklqana
Kikubaaqudgha
Makhleb
Nemelex Xobeh
Okawaru
Qazlal
Ru
Sif Muna
Trog
Uskayaw
Vehumet
Wu Jian
Xom
Yredelemnul
Zin
The Shining One

Shops:
D:1 (   D:5 (   Orc:2 ([*?

Annotations:
Lair:5 exclusion: 3 oklob plants


Innate Abilities, Weirdness & Mutations

You have hooves in place of feet.
((A weak demonic guardian rushes to your aid.))
You sometimes gain power by taking damage.
Your magical and physical power is slightly enhanced at high health.
When seriously injured, your blood forms thick armour. (AC +9)


Message History

There are monsters nearby!
You feel much better. The tarantella touches you.
* * * LOW HITPOINT WARNING * * *
The wolf spider barely misses you. The wolf spider closely misses you.
The broodmother barely misses you.
The steelbarb worm hits you but does no damage.
The wolf spider hits you but does no damage.
The wolf spider closely misses you.
The tarantella touches you but does no damage.
The wolf spider hits you.
* * * LOW HITPOINT WARNING * * *
The wolf spider closely misses you. The broodmother bites you!!
* * * LOW HITPOINT WARNING * * *
There are monsters nearby!
A red film seems to cover your vision as you go berserk!
You feel yourself moving faster!
You feel mighty!
The wolf spider barely misses you. x2; The steelbarb worm barely misses you.
The tarantella touches you but does no damage.
The wolf spider hits you but does no damage.
The wolf spider bites you but does no damage.
The wolf spider barely misses you. The wolf spider bites you.
* * * LOW HITPOINT WARNING * * *
You are poisoned.
The wolf spider poisons you!
The broodmother bites you but does no damage.
The steelbarb worm closely misses you.
The barbs in your skin will harm you if you move.
Continue? [Y]es or [N]o only, please.
The barbs in your skin will harm you if you move.
Continue?
You're too confused to move!
You feel a strong urge to attack something.
You feel very sick. The tarantella touches you!
* * * LOW HITPOINT WARNING * * *
The wolf spider hits you but does no damage.
The wolf spider bites you but does no damage.
The wolf spider closely misses you.
The wolf spider bites you but does no damage.
The jumping spider leaps!
The broodmother bites you!
You die...

##^...##..##......#......##^.
##.####^.#...#..##....#.##..
### #..#..#######..######.
#......^.#.#..#...^...
##........###.........
#..##..#..##.#.#...^##
#..##s################
#..^#s#^#....#.#..#^..
#^.°s@ws..............
####ss#.##...#.#..^#.#
#........#.#....#...
#..#.s#.............
####...#.#.#..#.#...
#.#....#..........
##..............#.
#.#.#.^.#..###...
##^.^....#^^#^...


You could see a broodmother, a steelbarb worm, 2 wolf spiders, an orb spider
(summoned), a jumping spider (summoned), a tarantella (summoned) and a redback
(summoned).

Vanquished Creatures
  Mara (Swamp:4)
  Arachne (Spider:3)
  Mlioglotl (Swamp:2)
  Rupert (D:12)
  Frances (Arena)
  Donald (Spider:1)
  Kirke (Lair:3)
  2 emperor scorpions (Spider:3)
  2 ghost moths
  Louise (Swamp:4)
  6 broodmothers
  4 dire elephants
  3 entropy weavers
  A bunyip (Swamp:4)
  2 eleionomae
  The ghost of iamserjio the Martial Artist, a journeyman OpTm of Cheibriados (D:12)
  5 spark wasps
  Josephine (D:13)
  3 fire dragons
  A shambling mangrove (Swamp:3)
  12 hydras
  8 vault guards (D:13)
  3 boulder beetles
  5 radroaches
  4 ghost crabs
  2 jorogumos
  3 two-headed ogres
  2 catoblepae
  2 centaur warriors (D:11)
  Erolcha (D:9)
  2 tengu warriors (D:11)
  5 alligators
  11 death yaks
  2 orc high priests (Orc:1)
  A death scarab (Spider:3)
  A spectral dire elephant (Lair:6)
  The ghost of tensugalgo the Markself, a journeyman DEAM of Hepliaklqana (D:10)
  4 skeletal warriors (D:12)
  7 pharaoh ants
  A spectral anaconda (Lair:6)
  2 sun moths (Spider:3)
  5 goliath frogs
  An obsidian statue (Lair:6)
  5 steelbarb worms
  4 spriggan druids
  10 swamp dragons
  Pikel (D:5)
  3 bog bodies
  3 orb spiders
  3 lindwurms (Swamp:4)
  A deep elf pyromancer (D:11)
  2 ugly things (D:11)
  An oklob plant (Lair:3)
  10 wolf spiders
  4 necromancers (Lair:6)
  5 cyclopes
  5 orc sorcerers
  11 orc knights
  3 will-o-the-wisps
  The ghost of iamserjio the Insei, a novice OpTm (D:6)
  6 manticores
  3 moths of wrath
  29 elephants
  6 black mambas
  4 torpor snails
  2 dire elephant zombies (Lair:6)
  9 cane toads
  Psyche (D:9)
  2 unseen horrors
  A gargoyle (D:12)
  9 demonic crawlers
  2 efreet
  A yaktaur (D:11)
  17 komodo dragons
  5 rime drakes
  4 freezing wraiths
  6 trolls
  4 polar bears
  3 tyrant leeches
  24 tarantellas
  15 hornets
  3 meliai (Spider:2)
  14 slime creatures
  2 spectral elephants (Lair:6)
  10 dream sheep (Lair:4)
  25 blink frogs
  21 spriggans
  9 culicivoras
  7 wyverns
  3 shadows
  25 jumping spiders
  7 wraiths
  34 yaks
  The ghost of Ijustatesigmund the Chopper, an amateur MiFi (D:5)
  Eustachio (D:5)
  A human (Lair:3)
  A fire elemental (Swamp:4)
  4 basilisks
  6 hogs
  7 steam dragons
  24 redbacks
  10 vampire mosquitoes
  A spectral cane toad (Lair:6)
  13 swamp worms
  4 wargs (Orc:1)
  2 acid dragons
  Edmund (D:5)
  17 water moccasins
  9 swamp drakes
  An elephant zombie (Lair:6)
  An ice beast (D:6)
  A black bear (shapeshifter) (Spider:3)
  6 black bears
  21 orc warriors
  3 sky beasts
  11 ogres
  8 wolves
  6 centaurs
  An elephant skeleton (Lair:6)
  A lemure (D:6)
  2 phantoms
  6 kobold brigands
  2 necrophages (D:7)
  12 bullfrogs
  8 gnoll sergeants
  3 scorpions
  11 wights
  12 killer bees
  3 howler monkeys (D:9)
  An electric eel (Lair:2)
  A lava snake (Swamp:4)
  4 jellies
  Crazy Yiuf (D:2)
  3 hounds
  2 gnoll shamans
  14 orc priests
  Jessica (D:2)
  5 iguanas
  38 orc wizards
  20 gnolls
  12 adders
  3 river rats
  2 shadow imps (D:5)
  An ufetubus (D:5)
  3 worms
  2 dart slugs
  56 orcs
  7 endoplasms
  3 giant cockroaches
  5 goblins
  6 hobgoblins
  8 jackals
  7 quokkas
  3 ball pythons
  4 bats (D:1)
  4 frilled lizards
  28 kobolds
  14 rats
988 creatures vanquished.

Vanquished Creatures (others)
  A ghost moth (Spider:2)
  A goliath frog (Swamp:1)
  A will-o-the-wisp (Swamp:1)
  3 bloated husks
  A steam dragon (Swamp:4)
  A swamp worm (Swamp:1)
  A swamp drake (Swamp:4)
  2 orc priests (Orc:2)
  An orc wizard (Orc:2)
  10 foxfires (Swamp:1)
  78 fungi
  89 plants
  5 toadstools (D:3)
  18 withered plants (Lair:6)
212 creatures vanquished.

Grand Total: 1200 creatures vanquished

Notes
Turn   | Place    | Note
-------+----------+-------------------------------------------
     0 | D:1      | lurtze1 the Demonspawn Fighter began the quest for the Orb.
     0 | D:1      | Reached XP level 1. HP: 18/18 MP: 1/1
     2 | D:1      | Noticed a gargoyle
     2 | D:1      | Noticed a ghoul
     4 | D:1      | Noticed a human
     4 | D:1      | Noticed a troll
     6 | D:1      | Noticed a naga
     8 | D:1      | Noticed a merfolk
     8 | D:1      | Noticed a minotaur
    12 | D:1      | Noticed a felid
    12 | D:1      | Noticed a vampire
    14 | D:1      | Noticed an ogre
    14 | D:1      | Noticed an octopode
    16 | D:1      | Noticed a tengu
    18 | D:1      | Noticed a demonspawn
    18 | D:1      | Noticed an elf
    20 | D:1      | Noticed a formicid
    20 | D:1      | Noticed a draconian
    22 | D:1      | Noticed a vine stalker
    22 | D:1      | Noticed a dwarf
    24 | D:1      | Noticed a spriggan
    26 | D:1      | Noticed a demigod
   272 | D:1      | Found a faded altar of an unknown god.
   490 | D:1      | Gained mutation: You have large cloven feet. [demonic
                  | ancestry]
   490 | D:1      | Reached XP level 2. HP: 22/24 MP: 2/2
   587 | D:1      | Found Qukien's Weapon Shoppe.
  1407 | D:2      | Gained mutation: You have hoof-like feet. [demonic
                  | ancestry]
  1407 | D:2      | Reached XP level 3. HP: 28/29 MP: 3/3
  1438 | D:2      | Identified the +8 mace "Jotwy" {vamp, rC+ Str-3 Int+3}
  1835 | D:2      | Noticed Jessica
  1839 | D:2      | Killed Jessica
  1840 | D:2      | Reached XP level 4. HP: 33/35 MP: 4/4
  2411 | D:2      | Found a runed translucent door.
  2412 | D:2      | Noticed Crazy Yiuf
  2414 | D:2      | Identified the +4 mace of Abomination {vamp, Drain rPois
                  | Str+3 Dex+4}
  2564 | D:2      | Killed Crazy Yiuf
  2805 | D:3      | Gained mutation: You have hooves in place of feet. [demonic
                  | ancestry]
  2805 | D:3      | Reached XP level 5. HP: 42/42 MP: 5/5
  3147 | D:3      | Reached XP level 6. HP: 49/49 MP: 6/6
  4019 | D:4      | Reached skill level 5 in Armour
  4335 | D:5      | Entered Level 5 of the Dungeon
  4405 | D:5      | Found Juoxzuih's Antique Weapon Boutique.
  4413 | D:5      | Identified the +9 ice dragon scales of the Sun {-Tele rPois
                  | rF- rC++ Str+6}
  4459 | D:5      | Reached skill level 5 in Fighting
  4468 | D:5      | Found a runed translucent door.
  4468 | D:5      | Noticed Ijustatesigmund's ghost (amateur MiFi)
  4485 | D:5      | Noticed Pikel
  4846 | D:5      | Killed Pikel
  4847 | D:5      | Reached XP level 7. HP: 57/57 MP: 7/7
  4850 | D:5      | Gained mutation: You sometimes gain a little power by
                  | taking damage. [demonic ancestry]
  4850 | D:5      | Reached XP level 8. HP: 64/64 MP: 8/8
  4888 | D:5      | Noticed Eustachio
  4916 | D:5      | Killed Eustachio
  5378 | D:5      | Noticed Edmund
  5393 | D:5      | Killed Edmund
  5519 | D:5      | Reached skill level 1 in Maces & Flails
  5522 | D:5      | Reached skill level 2 in Maces & Flails
  5658 | D:5      | Reached skill level 3 in Maces & Flails
  6039 | D:5      | Bought a shimmering flail for 272 gold pieces
  6039 | D:5      | Identified the +11 flail of Keusap {vamp, Str+2} (You
                  | bought it in a shop on level 5 of the Dungeon)
  6162 | D:5      | Killed Ijustatesigmund's ghost
  6163 | D:5      | Reached skill level 4 in Maces & Flails
  6241 | D:6      | Found a runed translucent door.
  6242 | D:6      | Noticed iamserjio's ghost (novice OpTm)
  6248 | D:6      | Gained mutation: You sometimes gain power by taking damage.
                  | [demonic ancestry]
  6248 | D:6      | Reached XP level 9. HP: 71/71 MP: 9/9
  6252 | D:6      | Killed iamserjio's ghost
  6253 | D:6      | Reached skill level 5 in Maces & Flails
  6259 | D:6      | Found a runed translucent door.
  6339 | D:6      | Reached skill level 6 in Maces & Flails
  6583 | D:6      | Reached skill level 7 in Maces & Flails
  7305 | D:6      | Reached skill level 8 in Maces & Flails
  7581 | D:7      | Reached skill level 9 in Maces & Flails
  7655 | D:7      | Reached XP level 10. HP: 74/77 MP: 10/10
  7667 | D:7      | Found a staircase to the Ecumenical Temple.
  7681 | Temple   | Entered the Ecumenical Temple
  8046 | Temple   | Became a worshipper of Warmaster Okawaru
  8389 | D:7      | Found a hazy altar of Hepliaklqana.
  8389 | D:7      | Found a sacrificial altar of Ru.
  8532 | D:8      | Noticed a death yak
  8532 | D:8      | Found a staircase to the Lair.
  8534 | D:8      | Noticed a death yak
  8540 | D:8      | Noticed a death yak
  8576 | D:7      | Killed a death yak
  8576 | D:7      | Reached * piety under Okawaru
  8583 | D:7      | Reached skill level 10 in Maces & Flails
  8776 | D:7      | Killed a death yak
  8782 | D:7      | Killed a death yak
  8782 | D:7      | Reached ** piety under Okawaru
  8783 | D:7      | Reached skill level 11 in Maces & Flails
  9532 | Lair:1   | Entered Level 1 of the Lair of Beasts
  9559 | Lair:1   | Noticed a cane toad
  9560 | Lair:1   | Noticed a cane toad
  9573 | Lair:1   | Noticed a cane toad
  9586 | D:8      | Killed a cane toad
  9587 | D:8      | Reached skill level 12 in Maces & Flails
  9603 | D:8      | Reached *** piety under Okawaru
  9918 | D:8      | Noticed a two-headed ogre
  9940 | D:8      | Killed a two-headed ogre
  9941 | D:8      | Reached XP level 11. HP: 83/83 MP: 11/11
 10596 | D:9      | Noticed Erolcha
 10596 | D:9      | Noticed a two-headed ogre
 10614 | D:9      | Killed a two-headed ogre
 10615 | D:9      | Reached skill level 13 in Maces & Flails
 10636 | D:9      | Reached **** piety under Okawaru
 10646 | D:9      | Killed Erolcha
 10856 | D:9      | Noticed Psyche
 10862 | D:9      | Killed Psyche
 11276 | D:10     | Entered Level 10 of the Dungeon
 11367 | D:10     | Reached skill level 14 in Maces & Flails
 11409 | D:10     | Found a runed translucent gate.
 11412 | D:10     | Found a runed translucent gate.
 11412 | D:10     | Found a runed translucent gate.
 11414 | D:10     | Noticed tensugalgo's ghost (journeyman DEAM)
 11680 | D:10     | Reached skill level 1 in Invocations
 12284 | D:11     | Noticed a two-headed ogre
 12293 | D:11     | Killed a two-headed ogre
 12324 | D:11     | Found a runed translucent door.
 12326 | D:11     | Noticed a catoblepas
 12338 | D:11     | Killed a catoblepas
 12338 | D:11     | Reached ***** piety under Okawaru
 12339 | D:11     | Reached skill level 5 in Shields
 12492 | D:11     | Noticed an eight-headed hydra
 12505 | D:11     | Killed an eight-headed hydra
 12506 | D:11     | Gained mutation: A weak demonic guardian rushes to your
                  | aid. [demonic ancestry]
 12506 | D:11     | Reached XP level 12. HP: 70/91 MP: 10/13
 12552 | D:11     | Found a runed translucent door.
 12552 | D:11     | Noticed a tengu warrior
 12552 | D:11     | Noticed a five-headed hydra
 12554 | D:11     | Found a runed translucent door.
 12554 | D:11     | Found a runed translucent door.
 12585 | D:11     | Found a runed translucent door.
 12585 | D:11     | Noticed a boulder beetle
 12585 | D:11     | Noticed a tengu warrior
 12837 | D:11     | Noticed a boulder beetle
 12855 | D:11     | Killed a boulder beetle
 12886 | D:11     | Found a staircase to the Orcish Mines.
 13951 | D:8      | Identified the +4 ring mail of Impatience {-Cast Str+4
                  | Dex+6} (Okawaru gifted it to you on level 8 of the Dungeon)
 13951 | D:8      | Received a gift from Okawaru
 15100 | Lair:2   | Found a hole to the Spider Nest.
 15284 | Lair:2   | Noticed a six-headed hydra
 15297 | Lair:2   | Killed a six-headed hydra
 15298 | Lair:2   | Reached XP level 13. HP: 86/101 MP: 9/15
 15669 | Lair:3   | Found a staircase to the Swamp.
 15762 | Lair:3   | Noticed a dire elephant
 15800 | Lair:2   | Reached skill level 10 in Armour
 15917 | Lair:2   | Killed a dire elephant
 15999 | Lair:3   | Received a gift from Okawaru
 16268 | Lair:3   | Reached ****** piety under Okawaru
 16436 | Lair:3   | Identified the +5 scale mail of the Lusting Gods {rPois}
                  | (Okawaru gifted it to you on level 3 of the Lair of Beasts)
 16436 | Lair:3   | Received a gift from Okawaru
 16437 | Lair:3   | Reached skill level 10 in Fighting
 16894 | Lair:3   | Reached skill level 10 in Shields
 18065 | Lair:5   | Found a broken altar of Ashenzari.
 18157 | Lair:5   | Gained mutation: Your magical and physical power is
                  | slightly enhanced at high health. [demonic ancestry]
 18157 | Lair:5   | Reached XP level 14. HP: 107/111 MP: 10/17
 18803 | Lair:5   | Found a staircase to the Slime Pits.
 18911 | Lair:6   | Entered Level 6 of the Lair of Beasts
 19190 | Lair:6   | Reached skill level 5 in Invocations
 19330 | Lair:6   | Received a gift from Okawaru
 19724 | Lair:6   | Received a gift from Okawaru
 20127 | Lair:6   | Reached skill level 15 in Maces & Flails
 21100 | D:12     | Identified the ring "Hutess" {+Blink Fly Int+7 Stlth-}
 21227 | D:12     | Found a runed translucent gate.
 21237 | D:12     | Found a runed translucent gate.
 21243 | D:12     | Found a runed translucent gate.
 21249 | Arena    | Entered the Arena
 21486 | D:12     | Gained mutation: When seriously injured, your blood forms
                  | armour. (AC +9) [demonic ancestry]
 21486 | D:12     | Reached XP level 15. HP: 120/120 MP: 19/19
 21786 | D:12     | Noticed iamserjio's ghost (journeyman OpTm)
 21804 | D:12     | Killed iamserjio's ghost
 21804 | D:12     | Received a gift from Okawaru
 21879 | D:13     | Noticed Rupert
 21900 | D:12     | Killed Rupert
 22131 | D:13     | Noticed Josephine
 22139 | D:13     | Killed Josephine
 22466 | D:13     | Identified the +2 cloak of Vanity {rN++ Str+3 Int+4}
 22617 | D:13     | Found a gate to the Vaults.
 22983 | D:10     | Killed tensugalgo's ghost
 23526 | D:11     | Identified the +4 scythe of Lotzah {antimagic, rF- Will++
                  | Dex+5}
 23759 | Orc:1    | Entered Level 1 of the Orcish Mines
 24433 | Orc:1    | Received a gift from Okawaru
 24598 | Orc:2    | Entered Level 2 of the Orcish Mines
 24666 | Orc:2    | Found a staircase to the Elven Halls.
 24998 | Orc:2    | Found Rumiseji's Armour Boutique.
 24998 | Orc:2    | Found Jungias's Magic Scroll Shop.
 24998 | Orc:2    | Found Coaquts's Assorted Antiques.
 25012 | Orc:2    | Found Ziomaw's Weapon Boutique.
 25025 | Orc:2    | Bought a scroll of enchant weapon for 97 gold pieces
 25025 | Orc:2    | Bought a scroll of enchant armour for 97 gold pieces
 25028 | Orc:2    | Bought a +2 pair of gloves for 247 gold pieces
 25028 | Orc:2    | Bought the -2 hat of the Alchemist {rElec rPois rF+ rC+ rN+
                  | Will+ rMut rCorr} for 708 gold pieces
 25028 | Orc:2    | Found the -2 hat of the Alchemist {rElec rPois rF+ rC+ rN+
                  | Will+ rMut rCorr}
 25535 | Swamp:1  | Entered Level 1 of the Swamp
 25675 | Swamp:1  | Gained mutation: When seriously injured, your blood forms
                  | thick armour. (AC +9) [demonic ancestry]
 25675 | Swamp:1  | Reached XP level 16. HP: 81/131 MP: 21/21
 25675 | Swamp:1  | Noticed Frances
 25742 | Arena    | Entered the Arena
 25756 | Arena    | Killed Frances
 25774 | Swamp:1  | Noticed Kirke
 25936 | Lair:3   | Killed Kirke
 25936 | Lair:3   | Received a gift from Okawaru
 25937 | Lair:3   | Reached skill level 16 in Maces & Flails
 27050 | Swamp:3  | Noticed Mlioglotl
 27074 | Swamp:3  | Paralysed by accursed screaming for 1 turns
 27078 | Swamp:3  | Paralysed by accursed screaming for 1 turns
 27119 | Arena    | Entered the Arena
 27158 | Swamp:2  | Killed Mlioglotl
 27430 | Swamp:3  | Found a basalt altar of Yredelemnul.
 27437 | Swamp:3  | Received a gift from Okawaru
 27780 | Swamp:4  | Entered Level 4 of the Swamp
 27788 | Swamp:4  | Noticed Mara
 27849 | Swamp:4  | Noticed lurtze1's illusion
 27970 | Swamp:4  | Noticed lurtze1's illusion
 28095 | Swamp:4  | Noticed lurtze1's illusion
 28140 | Swamp:4  | Killed Mara
 28271 | Swamp:4  | Got a decaying rune of Zot
 28335 | Swamp:4  | Identified the +0 pair of gloves "Damn" {rCorr} (Okawaru
                  | gifted it to you on level 4 of the Swamp)
 28335 | Swamp:4  | Received a gift from Okawaru
 28408 | Swamp:4  | Noticed Louise
 28431 | Swamp:4  | Killed Louise
 28444 | Swamp:4  | Reached skill level 15 in Shields
 28657 | Swamp:4  | Identified the +3 leather armour of the Guardian {rPois
                  | rCorr}
 28703 | Swamp:4  | Reached XP level 17. HP: 112/114 MP: 23/23
 29083 | Spider:1 | Entered Level 1 of the Spider Nest
 30180 | Spider:2 | Noticed Donald
 30198 | Spider:1 | Killed Donald
 30199 | Spider:1 | Reached skill level 15 in Fighting
 31477 | Spider:3 | Noticed Arachne
 31543 | Spider:3 | Received a gift from Okawaru
 31582 | Spider:3 | Killed Arachne
 32287 | Spider:3 | Identified the +1 pair of gloves of the Evil One {rPois
                  | Dex+6} (Okawaru gifted it to you on level 3 of the Spider
                  | Nest)
 32287 | Spider:3 | Received a gift from Okawaru
 32978 | Spider:3 | Reached skill level 17 in Maces & Flails
 32978 | Spider:3 | Reached XP level 18. HP: 150/150 MP: 24/24
 33052 | Spider:3 | Identified the +1 leather armour of Trumpets {rF+ Will+
                  | Int-3 Stlth+}
 33232 | Spider:3 | Slain by a broodmother

Illustrated notes

Levels and vault maps discovered:
D:1:      kb_arrival_jail, layout_basic, serial_shops, nicolae_diamond_shop,
          shapermc_ecumenical_altar_starsandcircs
D:2:      layout_loops_ring, serial_forest, infiniplex_forest_lined_3_way,
          infiniplex_forest_3_way, infiniplex_forest_3_way,
          infiniplex_forest_clump_curved, infiniplex_forest_zigzag_2,
          infiniplex_forest_end_2, infiniplex_forest_lined_1,
          infiniplex_forest_clump_curved, infiniplex_forest_end_double,
          bh_walls_and_bars, uniq_jessica, uniq_crazy_yiuf_cottage
D:3:      cheibrodos_fertilizer, layout_basic
D:4:      layout_loops_ring
D:5:      layout_gridville, serial_shops, shop, hellmonk_ghost_happy_afterlife,
          minmay_fractal_squares_gapless_5, uniq_pikel, uniq_edmund,
          uniq_eustachio
D:6:      layout_cave_pods, ebering_ghost_sewer_f, gup_sewer_entry_bubbles
D:7:      layout_rooms, gammafunk_temple_overflow_elements, temple_statues
D:8:      layout_rooms, dpeg_lair_monsters
D:9:      layout_loops_corners, minmay_lizard_king, uniq_psyche, uniq_erolcha
D:10:     layout_basic, gammafunk_ghost_spectres
D:11:     minmay_the_grid_triangle_9x9_rhombus_full
          [minmay_the_grid_triangle_9x9_tough_junction,
          minmay_the_grid_triangle_9x9_fully_insulated_deathbox,
          minmay_the_grid_triangle_9x9_wacky_v,
          minmay_the_grid_triangle_9x9_dagger,
          minmay_the_grid_triangle_9x9_warning,
          minmay_the_grid_triangle_9x9_from_above,
          minmay_the_grid_triangle_9x9_zippers_vertical,
          minmay_the_grid_triangle_9x9_prize_insulated], layout_irregular_city,
          kennysheep_orc_monster_closet_entryway, gauntlet_entry_generic,
          billiards_dpeg
D:12:     layout_irregular_city, ebering_ghost_rock_garden
D:13:     layout_loops_ring, erik_vaults_2, uniq_rupert, uniq_josephine
Temple:   mainiacjoe_temple_cubbyholes
Lair:1:   layout_hall_layers, chequers_serial_rivers_small_3, lemuel_fruit_tree
Lair:2:   layout_roguey, spider_nest_entry_web_field, grunt_megastairs_3,
          serial_bayou_shore_a
Lair:3:   mu_elephants_graveyard, layout_regular_city, swamp_mist, minivault_19,
          forest_entry_grove
Lair:4:   layout_regular_city, guppyfry_lair_drakes
Lair:5:   layout_loops_ring, minmay_slime_entry_oklob_enclosed, basic_altar,
          chequers_serial_rivers_micro_e, beast_lair_carwin_4
Lair:6:   due_jungle_book, layout_loops_ring
Swamp:1:  layout_basic_swamp, evilmike_swamp_ruin_house_2, uniq_frances,
          uniq_kirke
Swamp:2:  layout_basic_swamp, evilmike_swamp_ruin_house_4, swamp_pool1
Swamp:3:  layout_basic_swamp, nicolae_swamp_godswood, infiniplex_staircase_pool,
          uniq_mlioglotl
Swamp:4:  swamp_fiery, layout_basic_swamp, uniq_louise, uniq_mara
Spider:1: layout_spider_delve, hangedman_spider_tarantella_strand
Spider:2: layout_spider_delve, uniq_donald
Spider:3: nicolae_spider_hilbert_zone_7 [nicolae_spider_hilbert_4_sides_1_open,
          nicolae_spider_hilbert_4_sides_1_open,
          nicolae_spider_hilbert_4_sides_1_open,
          nicolae_spider_hilbert_4_sides_1_open,
          nicolae_spider_hilbert_3_sides_1_open,
          nicolae_spider_hilbert_3_sides_1_open,
          nicolae_spider_hilbert_3_sides_1_open,
          nicolae_spider_hilbert_3_sides_1_open,
          nicolae_spider_hilbert_4_sides_1_open,
          nicolae_spider_hilbert_4_sides_1_open,
          nicolae_spider_hilbert_4_sides_1_open,
          nicolae_spider_hilbert_2_sides_1_open,
          nicolae_spider_hilbert_2_sides_1_open,
          nicolae_spider_hilbert_2_sides_1_open,
          nicolae_spider_hilbert_2_sides_1_open,
          nicolae_spider_hilbert_2_sides_1_open,
          nicolae_spider_hilbert_2_sides_1_open],
          hellmonk_deceptive_appearances, uniq_arachne
Orc:1:    layout_caves, guppyfry_orc_lava_fort
Orc:2:    st_orc_mages, layout_caves, mines2_lemuel

Skill      XL: |  1  2  3  4  5  6  7  8  9 10 11 12 13 14 15 16 17 |
---------------+----------------------------------------------------+-----
Armour         | 3 4 6 7 8 9 10 11 12 13 | 13.6
Shields        | 3 4 5 8 10 12 13 15 16 | 16.3
Fighting       | 4 5 6 7 9 10 12 13 14 15 | 15.6
Maces & Flails | 4 9 12 14 15 16 17 | 17.0
Invocations    | 2 4 5 7 9 |  9.2
Polearms       | |  1.9

Action                   |  1- 3 |  4- 6 |  7- 9 | 10-12 | 13-15 | 16-18 || total
-------------------------+-------+-------+-------+-------+-------+-------++-------
Melee: Trident           |    82 |       |       |       |       |       ||    82
       Kick              |    10 |    37 |    68 |   247 |   807 |   659 ||  1828
       Mace              |     9 |   143 |   219 |   664 |  1689 |  1483 ||  4207
       Punch             |       |       |     1 |       |       |       ||     1
       Unarmed           |       |       |       |       |       |     2 ||     2
Throw: Dart              |       |       |       |    12 |    19 |       ||    31
       Boomerang         |       |       |       |       |       |    14 ||    14
Invok: Heroism           |       |       |       |    14 |    23 |    16 ||    53
       Finesse           |       |       |       |     3 |    17 |     7 ||    27
       Duel              |       |       |       |       |     1 |     3 ||     4
Evoke: Wand              |       |       |       |       |    12 |       ||    12
  Use: Potion            |       |     4 |     1 |     2 |       |    13 ||    20
       Scroll            |       |     3 |    13 |       |    13 |     1 ||    30
 Stab: Confused          |       |       |       |       |       |     1 ||     1
Armor: Scale mail        |    35 |    44 |       |       |       |       ||    79
       Ice dragon scales |       |    44 |   139 |   426 |   851 |  1429 ||  2889
Dodge: Dodged            |    45 |    72 |    82 |   269 |   493 |   935 ||  1896
Block: Buckler           |    18 |     6 |       |       |       |   872 ||   896
       Kite shield       |       |       |    78 |   401 |   931 |    19 ||  1429

Table legend: (Time is in decaauts)
 A = Elapsed time spent in this place.
 B = Non-inter-level travel time spent in this place.
 C = Inter-level travel time spent in this place.
 D = Time resting spent in this place.
 E = Time spent auto-exploring this place.
 F = Levels seen in this place.
 G = Mean time per level.
                   A        B        C        D        E       F      G
               +--------+--------+--------+--------+--------+-----+--------+
         Total |  32562 |  30503 |   2059 |   4483 |  18068 |  32 | 1017.6 |
       Dungeon |  16752 |  15403 |   1349 |   2748 |   9325 |  13 | 1288.6 |
        Temple |    397 |    292 |    105 |      0 |    286 |   1 |  397.0 |
          Lair |   7059 |   6730 |    329 |    311 |   4410 |   6 | 1176.5 |
         Swamp |   2931 |   2810 |    121 |    258 |   1626 |   4 |  732.8 |
   Spider Nest |   3803 |   3753 |     50 |   1035 |   1579 |   3 | 1267.7 |
  Orcish Mines |   1561 |   1458 |    103 |    112 |    841 |   2 |  780.5 |
         Arena |     56 |     56 |      0 |     18 |      0 |   3 |   18.7 |
               +--------+--------+--------+--------+--------+-----+--------+

Top non-repeatable levels by time:
    D:11: 2126 daAuts
Spider:3: 1686 daAuts
     D:6: 1632 daAuts
  Lair:6: 1619 daAuts
     D:2: 1537 daAuts
     D:5: 1459 daAuts
  Lair:3: 1421 daAuts
  Lair:2: 1348 daAuts
     D:1: 1305 daAuts
Spider:2: 1258 daAuts
    D:10: 1258 daAuts
     D:8: 1239 daAuts
     D:9: 1194 daAuts
     D:7: 1159 daAuts
     D:4: 1096 daAuts
